 Seeded DCSS version 0.29-a0-575-g0dc89cf (webtiles) character file.

Game seed: 6444964296848117924 (custom seed)

194 BingusPrime the Digger (level 5, 0/41 HPs)
             Began as a Ghoul Earth Elementalist on June 13, 2022.
             Was an Initiate of Yredelemnul.
             Slain by Pikel
             ... wielding a +1 whip of flaming
              (1 damage)
             ... on level 3 of the Dungeon.
             The game lasted 00:11:16 (2526 turns).

BingusPrime the Digger (Ghoul Earth Elementalist)   Turns: 2526, Time: 00:11:16

Health: 0/41       AC:  2    Str: 12    XL:     5   Next: 73%
Magic:  10/10      EV: 12    Int: 12    God:    Yredelemnul [......]
Gold:   142        SH:  0    Dex:  9    Spells: 11/12 levels left

rFire   + . .      SeeInvis .   k - staff of air
rCold   + . .      Faith    .   (no shield)
rNeg    + + +      Spirit   .   a - +0 robe
rPois   ∞          Reflect  .   (no helmet)
rElec   +          Harm     .   (no cloak)
rCorr   .          Rampage  .   (no gloves)
Will    .....                   (no boots)
Stlth   ++........              c - amulet of regeneration
HPRegen 0.00/turn               h - ring of protection from fire
MPRegen 0.12/turn               (no ring)

@: inhibited regen
A: claws 1, cold resistance 1, negative energy resistance 3, inhibited
regeneration, torment resistance 2, devour on kill
a: Renounce Religion, Recall Undead Harvest


You were on level 3 of the Dungeon.
You worshipped Yredelemnul.
Yredelemnul was noncommittal.
You visited 1 branch of the dungeon, and saw 4 of its levels.

You collected 142 gold pieces.

Inventory:

Armour
 a - a +0 robe (worn)
Magical Staves
 k - a staff of air (weapon)
Jewellery
 c - an amulet of regeneration (around neck)
 g - an amulet of guardian spirit
 h - a ring of protection from fire (left claw)
Wands
 o - a wand of flame (18)
Scrolls
 i - a scroll of fog
 l - a scroll of summoning {unknown}
 m - a scroll of fear
 n - a scroll of teleportation {unknown}
 p - a scroll of blinking {unknown}
 t - a scroll of poison {unknown}
Potions
 d - 3 potions of curing
 e - 3 potions of mutation
 f - a potion of attraction {unknown}
 q - a potion of invisibility {unknown}
 r - a potion of cancellation
 s - a potion of haste {unknown}
 u - a potion of heal wounds {unknown}


   Skills:
 * Level 1.6 Fighting
 + Level 1.9 Dodging
 - Level 2.1 Stealth
 * Level 4.0 Spellcasting
 + Level 0.8 Transmutations
 + Level 4.3 Earth Magic


You had 11 spell levels left.
You knew the following spells:

 Your Spells              Type           Power      Damage    Failure   Level
a - Sandblast             Erth           24%        2d8       3%          1

Your spell library contained the following spells:

 Spells                   Type           Power      Damage    Failure   Level
 Passwall                 Tmut/Erth      6%         N/A       12%         2
 Stone Arrow              Conj/Erth      14%        3d7       28%         3
 Ensorcelled Hibernation  Hex/Ice        4%         N/A       32%         2
 Petrify                  Tmut/Erth      8%         N/A       58%         4
 Anguish                  Hex/Necr       1%         N/A       91%         4
 Spider Form              Tmut/Pois      Unusable   N/A       N/A         3

Dungeon Overview and Level Annotations

Branches:
Dungeon (4/15)
 Temple: D:4-7

Altars:
Nemelex Xobeh
Sif Muna
Wu Jian
Yredelemnul

Annotations:
D:3 Pikel


Innate Abilities, Weirdness & Mutations

You are immune to poison.
You have sharp fingernails.
Your flesh is cold resistant. (rC+)
You are immune to negative energy. (rN+++)
You do not regenerate when monsters are visible.
You are immune to unholy pain and torment.
You thrive by killing the living.


Message History

Casting: Sandblast (safe; 3% risk of failure)
Confirm with . or Enter, or press ? or * to list all spells.
Aiming: Sandblast (safe; 3% risk of failure)
Press: ? - help, Shift-Dir - straight line, f - Pikel
Aim: Pikel, wielding a +1 whip of flaming, wearing a +0 robe and carrying a wand of iceblast (10) (lightly wounded, 74% to hit)
The blast of sand misses Pikel.
Pikel misses you. Pikel barely misses you.
Unknown command.
Casting: Sandblast (safe; 3% risk of failure)
Confirm with . or Enter, or press ? or * to list all spells.
Aiming: Sandblast (safe; 3% risk of failure)
Press: ? - help, Shift-Dir - straight line, f/p - Pikel
Aim: Pikel, wielding a +1 whip of flaming, wearing a +0 robe and carrying a wand of iceblast (10) (lightly wounded, 74% to hit)
The blast of sand hits Pikel.
Pikel is moderately wounded.
Pikel hits you with a +1 whip of flaming. x2
Pikel burns you.
Casting: Sandblast (safe; 3% risk of failure)
Confirm with . or Enter, or press ? or * to list all spells.
Aiming: Sandblast (safe; 3% risk of failure)
Press: ? - help, Shift-Dir - straight line, f/p - Pikel
Aim: Pikel, wielding a +1 whip of flaming, wearing a +0 robe and carrying a wand of iceblast (10) (moderately wounded, 74% to hit)
The blast of sand misses Pikel.
Pikel hits you with a +1 whip of flaming. x2
Unknown command.
Okay, then.
As you read the scroll of identify, it crumbles to dust.
e - 3 potions of mutation Pikel hits you with a +1 whip of flaming.
As you read the scroll of identify, it crumbles to dust.
r - a potion of cancellation Pikel hits you with a +1 whip of flaming.
* * * LOW HITPOINT WARNING * * *
Pikel burns you.
* * * LOW HITPOINT WARNING * * *
Magic courses through your body.
Pikel hits you with a +1 whip of flaming.
* * * LOW HITPOINT WARNING * * *
Pikel burns you.
You die...
Yredelemnul claims you as an undead slave.

..# ##.#........##.###### ###
#.###...#####......#### #
###.###.#..####.####..... #
##.......##...##.######### #
#..#..#######..#....#...## ##
##..##.### ##..........<#
.######..###...#### ##.....(.....
.........##.......# #.....[.....
#..#...####.....@.# #...........
......#####....K..# ##.........#
..................# ##...#...##
#####.###......[..############.##
#.#...#..........Z...........
#...#################........
##### ##....... #.....≈≈ #.....≈.


You could see Pikel.

Vanquished Creatures
  Jessica (D:2)
  Natasha (thrice) (D:3)
  2 adders
  A worm (D:2)
  5 ball pythons
  A bat (D:1)
  5 endoplasms
  2 giant cockroaches
  2 goblins
  4 hobgoblins
  A quokka (D:3)
  3 frilled lizards (D:1)
  5 kobolds
  4 rats
39 creatures vanquished.

Vanquished Creatures (collateral kills)
  3 adders (D:2)
  A ball python (D:2)
  An endoplasm (D:2)
  A giant cockroach (D:2)
  A goblin (D:2)
  A kobold (D:2)
8 creatures vanquished.

Vanquished Creatures (others)
  An adder zombie (D:2)
  3 ball python zombies
  A giant cockroach zombie (D:2)
  2 rat zombies
  A withered plant (D:1)
8 creatures vanquished.

Grand Total: 55 creatures vanquished

Notes
Turn   | Place    | Note
-------+----------+-------------------------------------------
     0 | D:1      | BingusPrime the Ghoul Earth Elementalist began the quest
                  | for the Orb.
     0 | D:1      | Reached XP level 1. HP: 14/14 MP: 2/2
   264 | D:1      | Found a faded altar of an unknown god.
   340 | D:1      | Reached XP level 2. HP: 20/20 MP: 0/3
   650 | D:1      | Prayed at the altar of an unknown god.
   650 | D:1      | Became a worshipper of Yredelemnul the Dark
   650 | D:1      | Reached * piety under Yredelemnul
   701 | D:2      | Reached XP level 3. HP: 26/27 MP: 3/5
   882 | D:2      | Found an ornate altar of the Wu Jian Council.
  1024 | D:2      | Noticed Jessica
  1032 | D:2      | Killed Jessica
  1033 | D:2      | Reached XP level 4. HP: 34/34 MP: 3/7
  1199 | D:2      | Reached skill level 1 in Fighting
  1860 | D:3      | Noticed Natasha
  1863 | D:3      | Killed Natasha
  1864 | D:3      | Reached XP level 5. HP: 40/40 MP: 5/9
  1943 | D:3      | Noticed Natasha
  1950 | D:3      | Killed Natasha
  1988 | D:3      | Noticed Natasha
  2002 | D:3      | Killed Natasha
  2061 | D:3      | Found a sparkling altar of Nemelex Xobeh.
  2239 | D:3      | Found a shimmering blue altar of Sif Muna.
  2492 | D:4      | Noticed a lemure
  2492 | D:4      | Noticed a lemure
  2495 | D:4      | Noticed Pikel
  2518 | D:4      | Noticed a lemure
  2526 | D:3      | HP: 1/41 [Pikel/+1 whip of flaming (6)]
  2526 | D:3      | Slain by Pikel

Illustrated notes

Levels and vault maps discovered:
D:1:      dpeg_arrival_long_road, layout_rooms,
          ebering_ecumenical_altar_petrified
D:2:      layout_basic, basic_altar, serial_bayou_pond_e, uniq_jessica
D:3:      layout_rooms, nemelex_spade_bored_becter,
          mainiacjoe_overflow_brackets, minmay_hedge_maze, uniq_natasha
D:4:      layout_loops_ring, uniq_menkaure, uniq_pikel

Skill      XL: |  1  2  3  4  5 |
---------------+----------------+-----
Spellcasting   | 2 3 4 |  4.0
Fighting       | 1 |  1.6
Earth Magic    | 4 |  4.3
Dodging        | |  1.9
Stealth        | |  2.1
Transmutations | |  0.8

Action                   |  1- 3 |  4- 6 || total
-------------------------+-------+-------++-------
Melee: Unarmed           |    12 |       ||    12
 Cast: Sandblast         |    36 |    42 ||    78
  Use: Scroll            |       |     5 ||     5
       Potion            |       |     1 ||     1
Armor: Robe              |     4 |     1 ||     5
Dodge: Dodged            |    17 |    31 ||    48

Table legend: (Time is in decaauts)
 A = Elapsed time spent in this place.
 B = Non-inter-level travel time spent in this place.
 C = Inter-level travel time spent in this place.
 D = Time resting spent in this place.
 E = Time spent auto-exploring this place.
 F = Levels seen in this place.
 G = Mean time per level.
                   A        B        C        D        E       F      G
               +--------+--------+--------+--------+--------+-----+--------+
         Total |   2617 |   2521 |     96 |      3 |   2089 |   4 |  654.2 |
       Dungeon |   2617 |   2521 |     96 |      3 |   2089 |   4 |  654.2 |
               +--------+--------+--------+--------+--------+-----+--------+

Top non-repeatable levels by time:
     D:3: 942 daAuts
     D:2: 826 daAuts
     D:1: 680 daAuts
     D:4: 168 daAuts
